 Dungeon Crawl Stone Soup version 0.24-a0-520-g8fd06ad0bc (webtiles) character file.

Game seed: 10105115245011639413

225 Gynju the Magician (level 5, 0/35 HPs)
             Began as a Demonspawn Wizard on July 26, 2019.
             Was a Follower of Nemelex Xobeh.
             Slain by an iguana (8 damage)
             ... on level 3 of the Dungeon.
             The game lasted 00:10:33 (4601 turns).

Gynju the Magician (Demonspawn Wizard)              Turns: 4601, Time: 00:10:34

Health: 0/35       AC: 10    Str:  7    XL:     5   Next: 68%
Magic:  0/11       EV: 11    Int: 21    God:    Nemelex Xobeh [*.....]
Gold:   188        SH:  0    Dex: 11    Spells: 7/12 levels left

rFire    . . .     SeeInvis .   y - +1 trident (protect)
rCold    . . .     Gourm    .   (no shield)
rNeg     . . .     Faith    .   p - +0 leather armour
rPois    .         Spirit   +   b - +0 hat
rElec    .         Reflect  .   (no cloak)
rCorr    .         Harm     .   v - +0 pair of gloves
MR       .....                  (no boots)
Stlth    ++........             (no amulet)
HPRegen  0.11/turn              g - +6 ring of protection
MPRegen  0.12/turn              e - +1 ring of slaying

@: no status effects
A: talons 2, nightstalker 1, magic shield
a: Draw Escape, Draw Destruction, Draw Summoning, Renounce Religion


You were on level 3 of the Dungeon.
You worshipped Nemelex Xobeh.
Nemelex Xobeh was aware of your devotion.
You were not hungry.

You visited 1 branch of the dungeon, and saw 4 of its levels.

You collected 188 gold pieces.

Inventory:

Hand Weapons
 j - a +2 short sword of venom
 y - a +1 trident of protection (weapon)
Missiles
 n - 23 poisoned darts (quivered)
Armour
 b - a +0 hat (worn)
 p - a +0 leather armour (worn)
 v - a +0 pair of gloves (worn)
Jewellery
 c - an uncursed ring of positive energy
 e - a +1 ring of slaying (right hand)
 g - a +6 ring of protection (left hand)
Scrolls
 h - 4 scrolls of identify {unknown}
 k - 2 scrolls of fear {unknown}
 m - 2 scrolls of fog {unknown}
 o - 3 scrolls of teleportation {unknown}
 q - a scroll of enchant armour {unknown}
 r - a scroll of amnesia {unknown}
 s - a scroll of enchant weapon {unknown}
 u - a scroll of noise {unknown}
 w - 2 scrolls of remove curse {unknown}
 x - a scroll of magic mapping {unknown}
Potions
 f - 2 potions of heal wounds {unknown}
 i - 5 potions of curing {unknown}
 l - 2 potions of cancellation {unknown}
 t - a potion of degeneration {unknown}
 z - a potion of flight {unknown}
Comestibles
 a - 3 chunks of flesh
 d - 10 rations


   Skills:
 - Level 1.7 Dodging
 - Level 1.7 Stealth
 + Level 4.2 Spellcasting
 + Level 3.3 Conjurations
 + Level 2.3 Summonings
 + Level 2.1 Translocations


You had 7 spell levels left.
You knew the following spells:

 Your Spells              Type           Power        Failure   Level  Hunger
a - Magic Dart            Conj           ###.         4%          1    None
b - Call Imp              Summ           ##......     11%         2    #......
c - Blink                 Tloc           N/A          11%         2    #......

Your spell library contained the following spells:

 Spells                   Type           Power        Failure   Level  Hunger
 Slow                     Hex            #.......     26%         2    #......
 Conjure Flame            Conj/Fire      ##......     26%         3    ###....
 Mephitic Cloud           Conj/Pois/Air  #.......     34%         3    ###....


Dungeon Overview and Level Annotations

Branches:
Dungeon (4/15)
 Temple: D:4-7

Altars:
Nemelex Xobeh
Trog

Annotations:
D:3 1 runed translucent door, Crazy Yiuf
D:4 Grinder


Innate Abilities, Weirdness & Mutations

You have razor-sharp toenails.
You are slightly more attuned to the shadows.
When hurt, damage is shared between your health and your magic reserves.


Message History

The iguana bites you!
* * * LOW HITPOINT WARNING * * *
Casting: Magic Dart (safe; 4% risk of failure)
Confirm with . or Enter, or press ? or * to list all spells.
Aiming: Magic Dart (safe; 4% risk of failure)
Press: ? - help, Shift-Dir - straight line, f/p - iguana
Aim: an iguana (heavily wounded)
The magic dart hits the iguana but does no damage.
The iguana is heavily wounded.
The iguana bites you but does no damage.
Casting: Magic Dart (safe; 4% risk of failure)
Confirm with . or Enter, or press ? or * to list all spells.
Aiming: Magic Dart (safe; 4% risk of failure)
Press: ? - help, Shift-Dir - straight line, f/p - iguana
Aim: an iguana (heavily wounded)
The magic dart hits the iguana.
The iguana is severely wounded.
The iguana bites you!
You die...
Your body disappears without a glow.

### ♣♣#### #)..#♣♣
♣♣P.#.##
#...+.♣♣♣♣P.....#
#...#♣..♣.PP....# ###
♣♣♣.♣...##.# ♣♣♣♣♣###.#
##.###### ######
#@......# ###.##.#
#l......# #...##.#
#.......#
#.####.#####.......#
#####.####......########
............#####....÷##
......#####.# #######.#
#..#### #.# #^#####'#
#..# #.# #.......#


You could see an iguana.

Vanquished Creatures
  2 iguanas (D:4)
  A worker ant (D:4)
  7 adders
  An ooze (D:2)
  A worm (D:3)
  4 dart slugs
  3 leopard geckos
  6 orcs
  4 bats
  A giant cockroach (D:1)
  6 goblins
  11 hobgoblins
  2 jackals (D:4)
  A ball python skeleton (D:4)
  7 frilled lizards
  7 kobolds
  9 rats
73 creatures vanquished.

Notes
Turn   | Place    | Note
-------+----------+-------------------------------------------
     0 | D:1      | Gynju the Demonspawn Wizard began the quest for the Orb.
     0 | D:1      | Reached XP level 1. HP: 13/13 MP: 4/4
   343 | D:1      | Gained mutation: When hurt, damage is shared between your
                  | health and your magic reserves. [demonic ancestry]
   343 | D:1      | Reached XP level 2. HP: 11/19 MP: 1/6
   652 | D:1      | Found a sparkling altar of Nemelex Xobeh.
   753 | D:1      | Became a worshipper of Nemelex Xobeh the Trickster
   998 | D:1      | Received a gift from Nemelex Xobeh
  1080 | D:2      | Learned a level 2 spell: Call Imp
  1083 | D:2      | Learned a level 2 spell: Blink
  1165 | D:2      | Gained mutation: You have sharp toenails. [demonic
                  | ancestry]
  1165 | D:2      | Reached XP level 3. HP: 22/24 MP: 1/8
  1734 | D:2      | Reached skill level 1 in Translocations
  2066 | D:2      | Gained mutation: You have razor-sharp toenails. [demonic
                  | ancestry]
  2066 | D:2      | Reached XP level 4. HP: 30/30 MP: 5/9
  2835 | D:3      | Found a bloodstained altar of Trog.
  3106 | D:3      | Reached * piety under Nemelex Xobeh
  3115 | D:3      | Reached skill level 4 in Spellcasting
  3463 | D:3      | Found a runed translucent door.
  3464 | D:3      | Noticed Crazy Yiuf
  3490 | D:4      | Received a gift from Nemelex Xobeh
  3584 | D:4      | Gained mutation: You are slightly more attuned to the
                  | shadows. [demonic ancestry]
  3584 | D:4      | Reached XP level 5. HP: 35/35 MP: 9/11
  4227 | D:4      | Noticed Dowan
  4229 | D:4      | Noticed Duvessa
  4247 | D:4      | Noticed Duvessa
  4247 | D:4      | Duvessa changed into Duvessa the worker ant
  4247 | D:4      | Noticed Dowan
  4247 | D:4      | Dowan changed into Dowan the iguana
  4250 | D:4      | Killed Duvessa the worker ant
  4251 | D:4      | Killed Dowan the iguana
  4543 | D:4      | Noticed Grinder
  4601 | D:3      | Slain by an iguana

Levels and vault maps discovered:
D:1:      minmay_arrival_checkered_box, layout_loops_ring, st_stairs_5,
          nemelex_xobeh_ov_fountains_minmay
D:2:      layout_basic, first_ration
D:3:      layout_rooms, trog_butcher_becter, uniq_crazy_yiuf_cottage
D:4:      layout_cave_pods, uniq_duvessa, uniq_grinder

Skill      XL: |  1  2  3  4  5 |
---------------+----------------+-----
Conjurations   | 2 3 |  3.3
Translocations | 1 2 |  2.1
Spellcasting   | 4 |  4.2
Summonings     | 2 |  2.3
Dodging        | |  1.7
Stealth        | |  1.7

Action                   |  1- 3 |  4- 6 || total
-------------------------+-------+-------++-------
Melee: Mace              |     5 |       ||     5
       Unarmed           |     5 |       ||     5
       Short sword       |    17 |    14 ||    31
       Trident           |       |     6 ||     6
       Kick              |       |     2 ||     2
 Cast: Magic Dart        |    81 |   128 ||   209
 Abil: Draw Destruction  |       |     4 ||     4
       Draw Escape       |       |     1 ||     1
 Stab: Sleeping          |     1 |       ||     1
  Eat: Chunk             |     3 |     8 ||    11
Armor: Robe              |     2 |       ||     2
       Leather armour    |     2 |    20 ||    22
Dodge: Dodged            |    30 |    42 ||    72

Table legend:
 A = Non-vault XP
 B = Vault XP
 C = Vault XP percentage of total XP
 D = Non-vault monster count
 E = Vault monster count
 F = Vault count percentage of total count
                 A         B        C        D         E       F
            +---------+---------+-------+---------+---------+-------
      Total |     238 |      84 |  26.1 |      65 |       8 |  11.0
            +---------+---------+-------+---------+---------+-------
        D:1 |      22 |       6 |  21.4 |      13 |       2 |  13.3
        D:2 |      75 |       0 |   0.0 |      22 |       0 |   0.0
        D:3 |      72 |      10 |  12.2 |      19 |       4 |  17.4
        D:4 |      69 |      68 |  49.6 |      11 |       2 |  15.4
            +---------+---------+-------+---------+---------+-------
